 Dungeon Sprint DCSS version 0.20-a0-785-g17250f0 (webtiles) character file.

54 Gorglomux the Cleaver (level 5, -1/67 HPs)
             Began as a Minotaur Berserker on Feb 27, 2017.
             Was an Elder of Trog.
             Slain by a wolf (8 damage)
             ... in the Dungeon (Sprint VI: "Thunderdome").
             The game lasted 00:02:56 (420 turns).

Gorglomux the Cleaver (Minotaur Berserker)           Turns: 420, Time: 00:02:56

Health: -1/67      AC:  3    Str: 28    XL:     5   Next: 54%
Magic:  4/4        EV: 12    Int:  4    God:    Trog [****..]
Gold:   280        SH:  0    Dex:  9    Spells: 4/4 levels left

rFire    . . .     SeeInvis .   a - +0 hand axe
rCold    . . .     Gourm    .   L - +0 leather armour
rNeg     . . .     Faith    .   (no shield)
rPois    .         Spirit   .   (helmet restricted)
rElec    .         Reflect  .   (no cloak)
rCorr    .         Harm     .   (no gloves)
MR       ++...     NoTele   +   (no boots)
Stlth    ..........             (no amulet)
Regen    1.3/turn               (no ring)
MPRegen  0.1/turn               (no ring)

@: berserking, regenerating, very quick
A: retaliatory headbutt, horns 2
a: Berserk, Trog's Hand, Brothers in Arms, Burn Spellbooks, Renounce Religion


You were in the Dungeon.
You worshipped Trog.
Trog was greatly pleased with you.
You were hungry.

You visited 1 branch You collected 280 gold pieces.

Inventory:

Hand Weapons
 a - a +0 hand axe (weapon)
Armour
 b - a +0 animal skin
 L - a +0 leather armour (worn)
Wands
 A - a wand of acid (5/15)
 I - a wand of iceblast (5/15)
Scrolls
 B - 4 scrolls of blinking
 J - 3 scrolls of fog
Potions
 d - a potion of curing
 e - 4 potions of heal wounds
 f - 4 potions of haste
 g - 2 potions of magic
 h - a potion of berserk rage
 C - a potion of resistance
Comestibles
 c - a bread ration


   Skills:
 - Level 3.6 Fighting
 + Level 13.6 Axes
 - Level 2.4 Armour
 - Level 2.1 Dodging


You had 4 spell levels left.
You didn't know any spells.

Dungeon Overview and Level Annotations

Branches:
Dungeon (1/1)

Altars:
Cheibriados
Dithmenos
Fedhas
Gozag
Kikubaaqudgha
Makhleb
Okawaru
Qazlal
Ru
Sif Muna
Trog
Uskayaw
Vehumet
Wu Jian
Xom
Yredelemnul
Zin
The Shining One
Beogh
Jiyva
Lugonu

Shops:
D *[%??*?*:[((!!!!


Innate Abilities, Weirdness & Mutations

You reflexively headbutt those who attack you in melee.
You have a pair of horns on your head.


Message History

* * * LOW HITPOINT WARNING * * *
The wolf bites you!
* * * LOW HITPOINT WARNING * * *
The wolf misses you. The wolf closely misses you. The wolf bites you!
* * * LOW HITPOINT WARNING * * *
The wolf bites you.
* * * LOW HITPOINT WARNING * * *
The wolf bites you but does no damage.
Unknown command.
You barely miss the wolf. x2; You hit the wolf but do no damage.
You slash the wolf! You hit the wolf. The wolf misses you.
The wolf closely misses you. The wolf bites you but does no damage.
Unknown command.
You miss the wolf. You headbutt the wolf!
The wolf is heavily wounded.
You miss the wolf. You closely miss the wolf. You slash the wolf! x2
The wolf bites you.
* * * LOW HITPOINT WARNING * * *
The wolf bites you!
You die...

##∩........8.# #.8........∩###
.............###...).()......##
..........###...###..).......⌠#
..........# #.<.# #....[....)⌠#
..........###...###(.........⌠#
........)...)###....[........##
##∩........8.# #.8........∩###
##∩___......###h......__∩##
######.8....hh@..8.######
#⌠......hhh..⌠# ###.........###
#_......._# #_........#
#_......._# #∩.......∩#
##∩.....∩## ##.....##


You could see 6 wolves.

Vanquished Creatures
  2 big kobolds (D)
  Blork the orc (D)
  4 orcs (D)
  2 goblins (D)
  2 hobgoblins (D)
11 creatures vanquished.

Notes
Turn   | Place    | Note
-------+----------+-------------------------------------------
     0 | D        | Gorglomux the Minotaur Berserker began the quest for the Orb.
     0 | D        | Reached XP level 1. HP: 19/19 MP: 0/0
     3 | D        | Found a snail-covered altar of Cheibriados.
     3 | D        | Found a basalt altar of Yredelemnul.
     4 | D        | Found a stormy altar of Qazlal.
     4 | D        | Found a bloodstained altar of Trog.
     5 | D        | Found a glowing golden altar of the Shining One.
     5 | D        | Round 1.
     6 | D        | Found a viscous altar of Jiyva.
     6 | D        | Found a blossoming altar of Fedhas.
     6 | D        | Found Uroh Kem's Staff Store.
     6 | D        | Found Waongu's Magic Scroll Shop.
     7 | D        | Found an opulent altar of Gozag.
     7 | D        | Found Ozyoca's Must-Have Magic.
     7 | D        | Found Lobu's Magic Scroll Shop.
    23 | D        | Found an ancient bone altar of Kikubaaqudgha.
    27 | D        | Found an iron altar of Okawaru.
    27 | D        | Found an ornate altar of the Wu Jian Council.
    27 | D        | Found Nigux's Bee Food.
    27 | D        | Found Qoicu's Jewellery.
    28 | D        | Found Geuwk's Advanced Armour.
    33 | D        | Found Qiasytza's Identification Station.
    33 | D        | Found a roughly hewn altar of Beogh.
    33 | D        | Found a shadowy altar of Dithmenos.
    33 | D        | Found a corrupted altar of Lugonu.
    37 | D        | Found a burning altar of Makhleb.
    39 | D        | Found a deep blue altar of Sif Muna.
    41 | D        | Reached skill level 4 in Axes
    55 | D        | Found a glowing silver altar of Zin.
    55 | D        | Found Ulux's Premium Goods.
    55 | D        | Found Qegux Ysitt's Miscellaneous Merchandise.
    56 | D        | Found Cusavufa's Basic Armour.
    61 | D        | Found Kethrual's Weapon Rack.
    61 | D        | Found a radiant altar of Vehumet.
    61 | D        | Found a hide-covered altar of Uskayaw.
    72 | D        | Found a shimmering altar of Xom.
    73 | D        | Noticed Blork the orc
    73 | D        | Found a sacrificial altar of Ru.
    74 | D        | Found Donu's Do-It-Yourself Clinic.
    76 | D        | Found Ruffirch's Bottled Wisdom.
    76 | D        | Found Igyeckua's Distillery.
    77 | D        | Found Romn's Distillery.
    80 | D        | Killed Blork the orc
    80 | D        | Reached ** piety under Trog
    80 | D        | Reached skill level 9 in Axes
    80 | D        | Reached XP level 2. HP: 23/26 MP: 1/1
    80 | D        | Reached XP level 3. HP: 27/31 MP: 2/2
   128 | D        | Arena points: 12 (+12) [x2]
   200 | D        | Round 2.
   207 | D        | Reached *** piety under Trog
   207 | D        | Reached skill level 10 in Axes
   246 | D        | Reached XP level 4. HP: 38/39 MP: 3/3
   328 | D        | Noticed a big kobold
   332 | D        | Noticed a big kobold
   337 | D        | Killed a big kobold
   337 | D        | Reached skill level 12 in Axes
   337 | D        | Reached XP level 5. HP: 39/45 MP: 4/4
   337 | D        | Reached **** piety under Trog
   347 | D        | Arena points: 54 (+42) [x3]
   347 | D        | Reached skill level 13 in Axes
   409 | D        | Round 3.
   413 | D        | Noticed a wolf
   413 | D        | Noticed a wolf
   413 | D        | Noticed a wolf
   413 | D        | Noticed a wolf
   415 | D        | Noticed a wolf
   416 | D        | Noticed a wolf
   420 | D        | Slain by a wolf

Vault maps used:
D:        arena_sprint

Skill      XL: |  1  2  3  4  5 |
---------------+----------------+-----
Axes           | 9 10 12 13 | 13.6
Fighting       | |  3.6
Armour         | |  2.4
Dodging        | |  2.1

Action                   |  1- 3 |  4- 6 || total
-------------------------+-------+-------++-------
Melee: Hand axe          |    15 |    22 ||    37
       Headbutt          |     4 |     5 ||     9
Invok: Berserk           |     1 |     1 ||     2
       Trog's Hand       |       |     1 ||     1
Armor: Leather armour    |       |     5 ||     5
Dodge: Dodged            |     9 |    10 ||    19
